 Dungeon Crawl Stone Soup version 0.19-a0-1259-g4fc3c0a (webtiles) character file.

45064 Zajzajer the Severer (level 13, 0/116 HPs)
             Began as a Minotaur Fighter on Aug 28, 2016.
             Was the Champion of Okawaru.
             Killed from afar by spawnfightdierepeat's ghost (28 damage)
             ... with a bolt of negative energy
             ... on level 6 of the Lair of Beasts.
             The game lasted 00:57:30 (19260 turns).

Zajzajer the Severer (Minotaur Fighter)            Turns: 19260, Time: 00:57:31

Health: 0/116      AC: 28    Str: 27    XL:     13   Next: 99%
Magic:  21/21      EV: 16    Int:  8    God:    Okawaru [******]
Gold:   1399       SH: 15    Dex: 12    Spells: 0 memorised, 25 levels left

rFire  + . .     SeeInvis +     y - +3 broad axe (venom)
rCold  . . .     Gourm    .     T - +3 plate armour {rF+}
rNeg   . . .     Faith    .     c - +0 shield
rPois  .         Spirit   .     J - +1 hat
rElec  .         Dismiss  .     E - +0 cloak "Vantiy" {Int+3}
rCorr  .         Reflect  +     t - +2 pair of gloves {Str+3}
MR     .....     Harm     .     L - +0 pair of boots
Stlth  ..........               x - +3 amulet of reflection
                                v - +5 ring of evasion
                                i - +3 ring of protection

@: drained
A: retaliatory headbutt, horns 2, see invisible
a: Heroism, Finesse, Renounce Religion


You were on level 6 of the Lair of Beasts.
You worshipped Okawaru.
Okawaru was exalted by your worship.
You were not hungry.

You visited 3 branches of the dungeon, and saw 19 of its levels.
You also visited: Ice Cave and Volcano.

You collected 1399 gold pieces.

Inventory:

Hand Weapons
 y - a +3 broad axe of venom (weapon)
 A - the +9 staff of Olgreb {rPois}
   (You found it on level 1 of the Lair of Beasts)

   It protects you from poison.
 Q - the +1 hand axe "Lolevaxo" {flame, rElec rPois}
   (Okawaru gifted it to you on level 3 of the Lair of Beasts)

   It has been specially enchanted to burn those struck by it, causing extra
   injury to most foes and up to half again as much damage against particularly
   susceptible opponents.
   Big, fiery blades are also staple armaments of hydra-hunters.
   It insulates you from electricity.
   It protects you from poison.
 R - a +1 broad axe of protection
Armour
 c - a +0 shield (worn)
 t - a +2 pair of gloves of strength (worn)
 E - the +0 cloak "Vantiy" (worn) {Int+3}
   (You acquired it on level 10 of the Dungeon)

   It affects your intelligence (+3).
 J - a +1 hat (worn)
 K - the +1 ice dragon armour of the Jackalope {+Fly rF- rC++}
   (You found it in an ice cave)

   It makes you vulnerable to fire.
   It greatly protects you from cold.
   It lets you fly.
 L - a +0 pair of boots (worn)
 T - a +3 plate armour of fire resistance (worn)
Jewellery
 a - an uncursed ring of positive energy
 i - a +3 ring of protection (left hand)
 v - a +5 ring of evasion (right hand)
 x - a +3 amulet of reflection (around neck)
 V - a +2 ring of intelligence
Wands
 d - a wand of iceblast (15/15)
 h - a wand of lightning (4/15)
 z - a wand of confusion (23/48)
 B - a wand of digging (11/24)
 I - a wand of teleportation (6/9)
 M - a wand of paralysis (7/24)
 P - a wand of lightning (5/15)
 U - a wand of disintegration (17/24)
Scrolls
 e - 2 scrolls of amnesia
 n - 11 scrolls of remove curse
 r - a scroll of summoning
 w - 6 scrolls of fear
 D - 7 scrolls of teleportation
 F - 2 scrolls of magic mapping
 N - a scroll of fog
Potions
 j - 10 potions of curing
 k - 2 potions of lignification
 o - a potion of might
 p - 2 potions of brilliance
 q - 2 potions of invisibility
 s - a potion of flight
 C - a potion of haste
 G - 2 potions of berserk rage
 H - a potion of ambrosia
 O - 3 potions of mutation
Books
 b - the Collected Works on Venom and the Rocks
   (You found it in an ice cave)

   Spells                             Type                      Level
   a - Spider Form                    Transmutation/Poison         3
   b - Shatter                        Earth                        9
Comestibles
 f - 9 bread rations
 g - 12 fruits
 l - 7 meat rations
 m - 8 beef jerkies
 u - 2 chunks of flesh
 S - a slice of pizza


   Skills:
 + Level 11.5(10.1) Fighting
 * Level 15.2(13.7) Axes
 + Level 11.7(10.4) Armour
 + Level 10.4(9.1) Dodging
 + Level 11.6(10.2) Shields
 + Level 6.5(5.3) Spellcasting


You had 25 spell levels left.
You didn't know any spells.

Dungeon Overview and Level Annotations

Branches:
Dungeon (12/15)            Temple (1/1) D:7            Lair (6/6) D:11
  Swamp (0/4) Lair:2        Snake (0/4) Lair:4          Orc (0/2) D:11
  Slime: Lair:5-6

Altars:
Ashenzari
Cheibriados
Dithmenos
Elyvilon
Fedhas
Gozag
Hepliaklqana
Kikubaaqudgha
Makhleb
Nemelex Xobeh
Okawaru
Qazlal
Ru
Sif Muna
Trog
Uskayaw
Vehumet
Xom
Yredelemnul
Zin
The Shining One

Shops:
D:6 }

Annotations:
Lair:6 spawnfightdierepeat's ghost, journeyman DrFi


Innate Abilities, Weirdness & Mutations

You reflexively headbutt those who attack you in melee.
You have a pair of horns on your head.
You have supernaturally acute eyesight. (SInv)


Message History

Your plate armour prevents you from hitting spawnfightdierepeat's ghost.
Spawnfightdierepeat's ghost is severely damaged.
Spawnfightdierepeat's ghost hits you but does no damage.
You closely miss spawnfightdierepeat's ghost.
Spawnfightdierepeat's ghost is severely damaged.
You block spawnfightdierepeat's ghost's attack.
You hit spawnfightdierepeat's ghost but do no damage.
Spawnfightdierepeat's ghost is severely damaged.
Spawnfightdierepeat's ghost completely misses you.
You furiously retaliate!
You headbutt spawnfightdierepeat's ghost, but do no damage.
You hit spawnfightdierepeat's ghost.
Spawnfightdierepeat's ghost is severely damaged.
Spawnfightdierepeat's ghost hits you!
* * * LOW HITPOINT WARNING * * *
You slash spawnfightdierepeat's ghost!
Spawnfightdierepeat's ghost is almost destroyed.
Spawnfightdierepeat's ghost breathes negative energy at you.
The bolt of negative energy hits you!
You feel drained.
You die...

....................
.........†..........
###...#.........#P..
.....P#........##...
.).................. .
.................... ...
..####.............P
..#..###...P#...#.###.P.
.......@................
......W†.P..............
.##.PP$.P##P##....#..PP.
#.#P....####..?...#####
.......... #......#P###
........... ............
<.........$........P....
≈≈≈≈.≈≈....#.#....P...P.
≈#####....#.###


You could see spawnfightdierepeat's ghost.

Vanquished Creatures
  The ghost of nago the Carver, a journeyman HaGl of Makhleb (Lair:5)
  Josephine (Lair:4)
  2 hydras
  A death yak (Lair:4)
  2 deep troll earth magi (D:11)
  Nergalle (Lair:3)
  Sonja (Lair:3)
  2 unseen horrors
  Pikel (D:7)
  A lindwurm (Volcano)
  A hill giant (D:11)
  A harpy (Lair:6)
  A griffon (Lair:6)
  3 ugly things
  An oklob plant (Lair:3)
  Maurice (D:9)
  An elephant (Lair:6)
  3 ice statues (IceCv)
  4 black mambas
  A torpor snail (Lair:6)
  11 spiny frogs
  3 molten gargoyles
  2 rime drakes (Lair:6)
  8 komodo dragons
  A troll (D:12)
  A polar bear (Lair:6)
  13 blink frogs
  4 dream sheep (Lair:6)
  Sigmund (D:5)
  25 yaks
  A shadow (D:11)
  A wyvern (Lair:6)
  4 wraiths
  The ghost of rastmirit the Sneak, an amateur NaAs (D:4)
  A basilisk (Lair:2)
  4 fire bats (Volcano)
  A basilisk (shapeshifter) (D:11)
  A hungry ghost (D:11)
  A vampire (D:11)
  7 hippogriffs
  A mottled dragon (Volcano)
  Menkaure (D:6)
  Edmund (D:5)
  10 vampire mosquitoes
  15 water moccasins
  Duvessa (D:7)
  2 hell hounds (D:11)
  10 porcupines
  3 slaves (D:7)
  8 ice beasts
  A black bear (shapeshifter) (D:11)
  A sky beast (D:12)
  2 wasps
  2 phantoms
  5 necrophages
  8 orc warriors
  3 wolves (Lair:1)
  4 ogres
  4 centaurs
  9 crocodiles
  5 big kobolds
  Blork the orc (D:5)
  12 giant frogs
  A wyvern zombie (D:12)
  A gnoll sergeant (D:9)
  A wyvern skeleton (D:9)
  5 scorpions
  Dowan (D:7)
  5 killer bees (D:10)
  8 wights
  13 howler monkeys
  6 crimson imps
  3 centaur zombies
  6 lava snakes
  2 quasits
  3 wasp zombies
  5 hounds
  3 jellies
  9 orc priests
  11 orc wizards
  4 giant frog skeletons
  2 centaur skeletons
  5 iguanas
  6 worker ants
  A killer bee zombie (D:6)
  A howler monkey zombie (D:10)
  2 worker ant zombies
  13 gnolls
  13 adders
  A howler monkey skeleton (D:5)
  36 river rats
  4 shadow imps
  An ooze (D:5)
  An adder skeleton (D:5)
  11 worms
  5 dart slugs
  6 giant geckos
  58 orcs
  8 bats
  4 giant cockroaches
  5 hobgoblins
  6 jackals
  6 quokkas
  3 ball pythons
  7 giant newts
  8 goblins
  43 kobolds
  A quokka zombie (D:5)
  14 rats
  4 fungi
  7 plants
599 creatures vanquished.

Vanquished Creatures (others)
  A spiny frog (Lair:6)
  A slave (D:7)
  3 fungi
  11 plants (Lair:6)
16 creatures vanquished.

Grand Total: 615 creatures vanquished

Notes
Turn   | Place    | Note
-------+----------+-------------------------------------------
     0 | D:1      | Zajzajer the Minotaur Fighter began the quest for the Orb.
     0 | D:1      | Reached XP level 1. HP: 19/19 MP: 0/0
   267 | D:1      | Reached XP level 2. HP: 26/26 MP: 1/1
  1223 | D:2      | Reached XP level 3. HP: 29/33 MP: 2/2
  1231 | D:2      | Reached skill level 3 in Axes
  1231 | D:2      | Reached skill level 1 in Dodging
  1647 | D:2      | Found a white marble altar of Elyvilon.
  2094 | D:2      | Reached XP level 4. HP: 40/40 MP: 3/3
  2527 | D:3      | Noticed an ice beast
  2541 | D:3      | Killed an ice beast
  2541 | D:3      | Reached skill level 4 in Axes
  2541 | D:3      | Reached skill level 1 in Spellcasting
  2541 | D:3      | Reached XP level 5. HP: 32/46 MP: 3/5
  3067 | D:3      | Noticed a moth of wrath
  3070 | D:3      | Found a bloodstained altar of Trog.
  3512 | D:4      | Noticed rastmirit's ghost (amateur NaAs)
  3517 | D:4      | Killed rastmirit's ghost
  3517 | D:4      | Reached skill level 5 in Axes
  3517 | D:4      | Reached XP level 6. HP: 52/53 MP: 6/6
  3666 | D:4      | Reached skill level 5 in Shields
  3713 | D:4      | Reached skill level 5 in Armour
  3713 | D:4      | Reached XP level 7. HP: 46/60 MP: 8/8
  4506 | D:4      | Reached skill level 5 in Fighting
  4506 | D:4      | Reached skill level 6 in Axes
  4966 | D:5      | Entered Level 5 of the Dungeon
  5005 | D:5      | Noticed Edmund
  5017 | D:5      | Killed Edmund
  5017 | D:5      | Reached XP level 8. HP: 57/68 MP: 9/9
  5202 | D:5      | Noticed Blork the orc
  5210 | D:5      | Killed Blork the orc
  5506 | D:5      | Noticed Sigmund
  5515 | D:5      | Killed Sigmund
  5515 | D:5      | Reached skill level 7 in Axes
  5649 | D:5      | Identified a scroll of acquirement
  6055 | D:6      | Paralysed by a centaur for 4 turns
  6218 | D:6      | Gained mutation: You have supernaturally acute eyesight. (SInv) [potion of beneficial mutation]
  6242 | D:6      | Reached skill level 5 in Dodging
  6244 | D:6      | Reached skill level 8 in Axes
  6259 | D:6      | Reached XP level 9. HP: 71/75 MP: 11/11
  6476 | D:6      | Noticed Menkaure
  6479 | D:6      | Killed Menkaure
  6546 | D:6      | Found Quirph Qikh's Gadget Emporium.
  6740 | D:7      | Noticed Pikel
  6751 | D:7      | Killed Pikel
  6790 | D:7      | Noticed Dowan
  6791 | D:7      | Noticed Duvessa
  6797 | D:7      | Killed Dowan
  6797 | D:7      | Reached skill level 9 in Axes
  6802 | D:7      | Killed Duvessa
  7048 | D:7      | Found a staircase to the Ecumenical Temple.
  7061 | Temple   | Entered the Ecumenical Temple
  7167 | Temple   | Became a worshipper of Warmaster Okawaru
  7804 | D:8      | Reached XP level 10. HP: 86/86 MP: 12/14
  7843 | D:8      | Reached * piety under Okawaru
  7897 | D:8      | Reached skill level 10 in Axes
  8103 | D:8      | Found a sacrificial altar of Ru.
  8146 | D:8      | Found a burning altar of Makhleb.
  8523 | D:9      | Reached ** piety under Okawaru
  8868 | D:9      | Noticed Maurice
  8872 | D:9      | Killed Maurice
  8994 | D:9      | Reached *** piety under Okawaru
  9117 | D:10     | Entered Level 10 of the Dungeon
  9416 | D:10     | Reached skill level 11 in Axes
  9463 | D:10     | Got an ichor-stained cloak
  9474 | D:10     | Identified the +0 cloak "Vantiy" {Int+3} (You acquired it on level 10 of the Dungeon)
  9575 | D:10     | Got a warped dagger
  9628 | D:10     | Identified the +3 dagger "Giantslayer" {pain, rN+ Dex+4} (You found it on level 10 of the Dungeon)
  9645 | D:10     | Reached XP level 11. HP: 95/95 MP: 16/16
  9910 | D:11     | Noticed a deep troll earth mage
  9912 | D:11     | Noticed a deep troll earth mage
  9920 | D:11     | Noticed an unseen horror
  9928 | D:11     | Killed a deep troll earth mage
  9928 | D:11     | Reached **** piety under Okawaru
  9932 | D:11     | Killed an unseen horror
  9986 | D:11     | Killed a deep troll earth mage
 10035 | D:11     | Noticed a hill giant
 10041 | D:11     | Killed a hill giant
 10192 | D:11     | Reached ***** piety under Okawaru
 10221 | D:11     | Found a staircase to the Orcish Mines.
 10224 | D:11     | Noticed an ettin
 10235 | D:11     | Found a staircase to the Lair.
 10504 | D:11     | Reached skill level 12 in Axes
 11218 | D:12     | Noticed an unseen horror
 11229 | D:12     | Killed an unseen horror
 11684 | D:12     | Noticed a white ugly thing
 11699 | D:12     | Killed a white ugly thing
 11699 | D:12     | Received a gift from Okawaru
 12311 | Lair:1   | Entered Level 1 of the Lair of Beasts
 12797 | Lair:1   | Reached XP level 12. HP: 106/106 MP: 18/18
 13230 | Lair:1   | Reached skill level 10 in Armour
 13233 | Lair:1   | Reached skill level 5 in Spellcasting
 13602 | Lair:2   | Reached skill level 10 in Shields
 14030 | Lair:2   | Reached skill level 13 in Axes
 14103 | Lair:2   | Found a staircase to the Swamp.
 14175 | Lair:2   | Reached skill level 10 in Fighting
 14649 | Lair:3   | Received a gift from Okawaru
 14652 | Lair:3   | Got a jewelled hand axe {god gift}
 14653 | Lair:3   | Identified the +1 hand axe "Lolevaxo" {flame, rElec rPois} (Okawaru gifted it to you on level 3 of the Lair of Beasts)
 14944 | Lair:3   | Noticed Nergalle
 14964 | Lair:3   | Killed Nergalle
 15033 | Lair:3   | Noticed Sonja
 15039 | Lair:3   | Killed Sonja
 16055 | Lair:4   | Noticed a death yak
 16062 | Lair:4   | Killed a death yak
 16063 | Lair:4   | Reached XP level 13. HP: 110/114 MP: 20/20
 16238 | Lair:4   | Noticed Josephine
 16245 | Lair:4   | Reached ****** piety under Okawaru
 16245 | Lair:4   | Received a gift from Okawaru
 16250 | Lair:4   | Reached skill level 14 in Axes
 16258 | Lair:4   | Killed Josephine
 16341 | Lair:4   | Found a dark tunnel.
 16355 | Volcano  | Entered a volcano
 16491 | Volcano  | Found a bloodstained altar of Trog.
 16715 | Lair:4   | Found a staircase to the Snake Pit.
 16883 | Lair:4   | Received a gift from Okawaru
 17679 | Lair:5   | Noticed nago's ghost (journeyman HaGl)
 17694 | Lair:5   | Killed nago's ghost
 18011 | Lair:5   | Reached skill level 10 in Dodging
 18279 | Lair:6   | Entered Level 6 of the Lair of Beasts
 18297 | Lair:5   | Received a gift from Okawaru
 18595 | Lair:6   | Found a frozen archway.
 18601 | Lair:6   | Reached skill level 15 in Axes
 18623 | IceCv    | Entered an ice cave
 18993 | IceCv    | Identified the Collected Works on Venom and the Rocks
 19000 | IceCv    | Got a shimmering ice dragon armour
 19055 | Lair:6   | Identified the +1 ice dragon armour of the Jackalope {+Fly rF- rC++} (You found it in an ice cave)
 19225 | Lair:6   | Noticed spawnfightdierepeat's ghost (journeyman DrFi)
 19260 | Lair:6   | Killed from afar by spawnfightdierepeat's ghost

Vault maps used:
D:1:      dpeg_arrival_simpleton_a
D:2:      elyvilon_altar_5
D:3:      first_bread, tgw_trog
D:4:      kennysheep_kobold_camp
D:5:      st_stairs_3, grunt_ministairs_1, uniq_sigmund, uniq_blork_the_orc,
          uniq_edmund
D:6:      serial_shops, nicolae_shop_stone, uniq_menkaure
D:7:      uniq_duvessa, uniq_pikel
D:8:      makhleb_grotto_becter, nicolae_ru_awakened_eye
D:9:      special_room, grunt_ogre_cave, uniq_maurice
D:10:     st_stairs_11
D:11:     minmay_glassy_protrusions, minmay_lair_entry_lava, orc_0_dummy
Temple:   dpeg_five_rooms_temple
Lair:1:   grunt_forest_stairs_basic, beast_lair_carwin_7, grunt_megastairs_4
Lair:2:   minmay_swamp_entry_swarm, columned_hall_lemuel, roderic_carrion_pond,
          lemuel_fruit_tree, lemuel_fruit_fields, lemuel_fruit_fields
Lair:3:   uniq_sonja, uniq_nergalle
Lair:4:   dummy_snake_entry, nicolae_volcano_entry_lava_flow, minivault_19,
          beast_lair_carwin_11, uniq_josephine
Lair:6:   gammafunk_lair_ancient_temple, minmay_slime_entry_eyes,
          portal_ice_cave_rime, minivault_19, infiniplex_staircase_pool
IceCv:    ice_cave_statue_garden_chambered
Volcano:  volcano_grotto

Skill      XL: |  1  2  3  4  5  6  7  8  9 10 11 12 13 |
---------------+----------------------------------------+-----
Shields        | 4 5 6 7 8 9 10 11 | 11.6
Axes           | 3 4 5 6 8 9 11 12 13 15 | 15.2
Dodging        | 1 2 3 4 5 6 7 8 9 10 | 10.4
Armour         | 4 5 6 7 8 9 10 11 | 11.7
Fighting       | 4 5 6 7 8 9 10 11 | 11.5
Spellcasting   | 1 2 3 4 5 6 |  6.5

Action                   |  1- 3 |  4- 6 |  7- 9 | 10-12 | 13-15 || total
-------------------------+-------+-------+-------+-------+-------++-------
Melee: War axe           |    94 |   125 |   193 |       |       ||   412
       Headbutt          |    10 |    35 |    80 |   130 |    87 ||   342
       Broad axe         |       |       |   145 |   676 |   322 ||  1143
       Hand axe          |       |       |       |       |    13 ||    13
Evoke: Wand              |       |       |       |     4 |       ||     4
       Staff of Olgreb   |       |       |       |    12 |       ||    12
  Use: Scroll            |       |     8 |    14 |    15 |     6 ||    43
       Potion            |       |       |     3 |       |     3 ||     6
 Stab: Paralysed         |       |       |       |     2 |       ||     2
  Eat: Chunk             |     3 |     5 |    13 |    21 |     4 ||    46
       Fruit             |       |     1 |     1 |    11 |     6 ||    19
Armor: Scale mail        |    22 |       |       |       |       ||    22
       Chain mail        |    24 |    84 |    84 |       |       ||   192
       Plate armour      |       |       |     5 |   251 |   104 ||   360
Dodge: Dodged            |    27 |    36 |   118 |   267 |   153 ||   601
Block: Shield            |    43 |    62 |   176 |   535 |   255 ||  1071
       Reflection        |       |       |     8 |    15 |     3 ||    26
